 Dungeon Crawl Stone Soup version 0.21.1-1-g345015f (webtiles) character file.

227 Saeniel the Skirmisher (level 6, 0/39 HPs)
             Began as a Gargoyle Fighter on May 20, 2018.
             Slain by Sigmund
             ... wielding a +0 scythe
              (4 damage)
             ... on level 2 of the Dungeon.
             The game lasted 00:04:19 (1684 turns).

Saeniel the Skirmisher (Gargoyle Fighter)           Turns: 1684, Time: 00:04:19

Health: 0/39       AC: 12    Str: 20    XL:     6   Next: 2%
Magic:  6/6        EV:  8    Int:  9    God:
Gold:   54         SH: 10    Dex: 10    Spells: 5/5 levels left

rFire    . . .     SeeInvis .   a - +1 flail
rCold    . . .     Gourm    .   c - +1 shield
rNeg     + . .     Faith    .   b - +0 scale mail
rPois    ∞         Spirit   .   (no helmet)
rElec    +         Reflect  .   (no cloak)
rCorr    .         Harm     .   g - +0 pair of gloves
MR       .....                  (no boots)
Stlth    ..........             (no amulet)
HPRegen  0.13/turn              (no ring)
MPRegen  0.10/turn              (no ring)

@: no status effects
A: negative energy resistance 1, electricity resistance, unbreathing,
petrification resistance, rot immunity, AC +4
a: no special abilities


You were on level 2 of the Dungeon.
You were not hungry.

You visited 1 branch of the dungeon, and saw 4 of its levels.

You collected 54 gold pieces.

Inventory:

Hand Weapons
 a - a +1 flail (weapon)
Armour
 b - a +0 scale mail (worn)
 c - a +1 shield (worn)
 g - a +0 pair of gloves (worn)
 h - a +0 pair of boots
Scrolls
 e - 7 scrolls of identify
Potions
 d - 2 potions of might
 i - a potion of agility
Comestibles
 f - 2 rations


   Skills:
 * Level 4.6 Fighting
 + Level 2.9 Maces & Flails
 * Level 4.6 Armour
 + Level 1.5 Dodging
 + Level 4.1 Shields


You had 5 spell levels left.
You didn't know any spells.

Dungeon Overview and Level Annotations

Branches:
Dungeon (4/15)
 Temple: D:4-7

Altars:

Shops:
D:4 =

Annotations:
D:2 Sigmund


Innate Abilities, Weirdness & Mutations

You are resistant to torment.
Your stone body is resilient. (AC +4)
You are immune to poison.
You resist negative energy. (rN+)
You are resistant to electric shocks. (rElec)
You can survive without breathing.
You are immune to petrification.
You are immune to rotting.


Message History

Sigmund is moderately wounded.
Sigmund gestures wildly while chanting.
Sigmund flickers and vanishes!
Deactivating autopickup; reactivate with Ctrl-A.
Something hits you but does no damage.
You miss something. You miss something. You block something's attack.
You closely miss something. Something hits you but does no damage.
You miss something.
You hear some strange, mumbled words.
A magic dart appears from out of thin air!
The magic dart hits you! Something hits you!
You hit something. You miss something. Something hits you.
You barely miss something. Something hits you.
* * * LOW HITPOINT WARNING * * *
You miss something. Something hits you!
* * * LOW HITPOINT WARNING * * *
You closely miss something. Something hits you.
You die...

*,* #.# #.# #.##.... *,*
#.# #.# #.#####. *,* #.#
#.# #.# #. *,* ******#.#
#.# #.# #. *,* *,,,,,..#
#.# #.# #.
*,********,******* #.#
#.# #.
*,,,,,,,,..#########.#
#.# #.
*********#...........#
#.# #.
#..[..{@...######.#####.
##########.# #..........
#.# #.##.###### #.#
#.##.# #.# #...># #.#
#..###### #.# #.....).#
#.# #..####.# #.# #..#
#.#


There were no monsters in sight!

Vanquished Creatures
  An ogre (D:4)
  A hound (D:4)
  Robin (D:2)
  4 adders
  An adder skeleton (D:2)
  A worm (D:2)
  A leopard gecko (D:2)
  4 giant cockroaches
  16 goblins
  6 hobgoblins
  A jackal (D:4)
  3 kobolds
  8 bats
  2 frilled lizards
  3 rats
53 creatures vanquished.

Vanquished Creatures (others)
  5 toadstools (D:1)
5 creatures vanquished.

Grand Total: 58 creatures vanquished

Notes
Turn   | Place    | Note
-------+----------+-------------------------------------------
     0 | D:1      | Saeniel the Gargoyle Fighter began the quest for the Orb.
     0 | D:1      | Reached XP level 1. HP: 14/14 MP: 1/1
   108 | D:1      | Reached XP level 2. HP: 19/19 MP: 2/2
   742 | D:2      | Reached XP level 3. HP: 17/24 MP: 3/3
  1075 | D:2      | You fall through a shaft for 2 floors!
  1080 | D:4      | Reached XP level 4. HP: 27/29 MP: 4/4
  1133 | D:4      | Noticed an ogre
  1134 | D:4      | Found Astinump's Jewellery Boutique.
  1147 | D:4      | Killed an ogre
  1147 | D:4      | Reached skill level 1 in Dodging
  1147 | D:4      | Reached XP level 5. HP: 25/34 MP: 5/5
  1364 | D:2      | Noticed Robin
  1390 | D:2      | Killed Robin
  1457 | D:2      | Reached XP level 6. HP: 35/39 MP: 6/6
  1663 | D:2      | Noticed Sigmund
  1684 | D:2      | Slain by Sigmund

Skill      XL: |  1  2  3  4  5 |
---------------+----------------+-----
Fighting       | 4 |  4.6
Armour         | 4 |  4.6
Dodging        | 1 |  1.5
Shields        | 4 |  4.1
Maces & Flails | |  2.9

Action                   |  1- 3 |  4- 6 || total
-------------------------+-------+-------++-------
Melee: Flail             |   103 |   107 ||   210
  Use: Scroll            |     9 |     1 ||    10
  Eat: Ration            |     1 |       ||     1
Armor: Scale mail        |    49 |    94 ||   143
Dodge: Dodged            |    36 |    76 ||   112
Block: Shield            |    52 |   112 ||   164
